 Dungeon Crawl Stone Soup version 0.27.0-1-g7a089689b8 (webtiles) character file.

Game seed: 2250116526768285397

148 sammydre the Skirmisher (level 5, 0/44 HPs)
             Began as a Palentonga Abyssal Knight on Aug 5, 2021.
             Was a Follower of Lugonu.
             Slain by a scorpion (2 damage)
             ... on level 4 of the Dungeon.
             The game lasted 00:06:52 (2868 turns).

sammydre the Skirmisher (Palentonga Abyssal Knight) Turns: 2868, Time: 00:06:53

Health: 0/44       AC:  7    Str: 17    XL:     5   Next: 8%
Magic:  7/7        EV:  7    Int: 12    God:    Lugonu [*.....]
Gold:   147        SH:  0    Dex:  9    Spells: 4/4 levels left

rFire    . . .     SeeInvis +   a - +1 falchion
rCold    . . .     Faith    .   (no shield)
rNeg     . . .     Spirit   .   e - +0 scale mail
rPois    .         Reflect  .   c - +0 helmet
rElec    .         Harm     .   (no cloak)
rCorr    .         Rampage  .   (no gloves)
Will     .....                  (no barding)
Stlth    ..........             (no amulet)
HPRegen  0.14/turn              (no ring)
MPRegen  0.10/turn              (no ring)

@: no status effects
A: large, rugged brown scales 3, see invisible, deformed body, roll 1, armoured
tail
a: Rolling Charge, Renounce Religion, Depart the Abyss


You were on level 4 of the Dungeon.
You worshipped Lugonu.
Lugonu was aware of your devotion.
You visited 1 branch of the dungeon, and saw 4 of its levels.
You visited the Abyss 1 time.

You collected 147 gold pieces.

Inventory:

Hand Weapons
 a - a +1 falchion (weapon)
Missiles
 d - 44 stones
 h - 33 poisoned darts
Armour
 c - a +0 helmet (worn)
 e - a +0 scale mail (worn)
Scrolls
 f - a scroll of immolation
 g - a scroll of silence
 i - 2 scrolls of identify
 j - a scroll of fear
 k - a scroll of teleportation
 l - a scroll of enchant weapon {unknown}
 m - a scroll of fog {unknown}
Potions
 b - a potion of curing


   Skills:
 + Level 4.0 Fighting
 + Level 3.0 Long Blades
 - Level 2.0 Armour
 + Level 1.8 Dodging
 + Level 3.1 Invocations


You had 4 spell levels left.
You didn't know any spells.
Your spell library was empty.

Dungeon Overview and Level Annotations

Branches:
Dungeon (4/15)
 Temple: D:4-7

Altars:


Innate Abilities, Weirdness & Mutations

You are completely covered in rugged brown scales. (AC +3, +7% HP)
You have supernaturally acute eyesight. (SInv)
Armour fits poorly on your strangely shaped body.
You can roll at nearby foes to attack.
You have a long armoured tail.


Message History

The scorpion poisons you!
You hit the scorpion.
The scorpion is moderately wounded.
You feel very sick. The scorpion barely misses you. The scorpion stings you.
You are too injured to fight recklessly!
You are too injured to fight recklessly!
You are too injured to fight recklessly!
Okay, then.
You barely miss the scorpion.
The scorpion is moderately wounded.
You feel very sick. The scorpion barely misses you.
You hit the scorpion.
Your tail-slap misses the scorpion.
The scorpion is moderately wounded.
You feel sick. The scorpion barely misses you.
The scorpion stings you but does no damage.
You closely miss the scorpion.
Your tail-slap misses the scorpion.
The scorpion is moderately wounded.
You feel sick. The scorpion barely misses you.
You hit the scorpion.
The scorpion is heavily wounded.
You feel sick. The scorpion stings you.
* * * LOW HITPOINT WARNING * * *
You hit the scorpion but do no damage.
Your tail-slap misses the scorpion.
The scorpion is heavily wounded.
You feel sick. The scorpion stings you.
* * * LOW HITPOINT WARNING * * *
The scorpion barely misses you.
You closely miss the scorpion.
Your tail-slap misses the scorpion.
The scorpion is heavily wounded.
You feel sick. The scorpion stings you.
* * * LOW HITPOINT WARNING * * *
You hit the scorpion.
The scorpion is severely wounded.
* * * LOW HITPOINT WARNING * * *
You feel sick.
You are no longer poisoned.
The scorpion stings you.
You die...

# .. ########.###
#...$......#
#...@s.....#
#####.)........#
#....#######.###
#....# # #....#
#....#
#########....###..
...................
..........<........


You could see a scorpion.

Vanquished Creatures
  A water moccasin skeleton (D:4)
  3 gnolls (D:2)
  2 adders (D:2)
  An adder skeleton (D:4)
  A worm (D:2)
  A dart slug (D:1)
  2 orcs (D:4)
  An endoplasm (D:2)
  3 giant cockroaches
  3 goblins (D:1)
  9 hobgoblins
  3 quokkas
  2 ball pythons
  2 bats
  4 frilled lizards
  5 kobolds
  8 rats
51 creatures vanquished.

Notes
Turn   | Place    | Note
-------+----------+-------------------------------------------
     0 | Abyss:1  | sammydre the Palentonga Abyssal Knight began the quest for
                  | the Orb.
     0 | Abyss:1  | Reached XP level 1. HP: 19/19 MP: 2/2
    14 | Abyss:1  | Found a corrupted altar of Lugonu.
   113 | Abyss:1  | Noticed a large abomination
   115 | D:1      | Escaped the Abyss
   165 | D:1      | Reached * piety under Lugonu
   457 | D:1      | Reached XP level 2. HP: 21/25 MP: 3/3
   502 | D:1      | Found a faded altar of an unknown god.
   962 | D:1      | Reached skill level 1 in Dodging
  1236 | D:2      | Reached XP level 3. HP: 26/31 MP: 4/4
  1339 | D:2      | Reached XP level 4. HP: 12/39 MP: 5/5
  2618 | D:4      | Reached skill level 4 in Fighting
  2618 | D:4      | Reached XP level 5. HP: 31/44 MP: 7/7
  2868 | D:4      | HP: 2/44 [poisoned by a scorpion]
  2868 | D:4      | Slain by a scorpion

Illustrated notes

Levels and vault maps discovered:
D:1:      dpeg_arrival_oval, layout_loops_ring,
          hellmonk_ecumenical_altar_pennies_from_heaven
D:2:      layout_loops_ring
D:3:      layout_rooms
D:4:      layout_basic, serial_shops, nicolae_take_the_stairs,
          ebering_ghost_reflecting_pool, nicolae_shop_sticking_my_neck_out,
          uniq_grinder

Skill      XL: |  1  2  3  4 |
---------------+-------------+-----
Dodging        | 1 |  1.8
Armour         | 2 |  2.0
Fighting       | 4 |  4.0
Long Blades    | 3 |  3.0
Invocations    | 3 |  3.1

Action                   |  1- 3 |  4- 6 || total
-------------------------+-------+-------++-------
Melee: Falchion          |    71 |    82 ||   153
       Tailslap          |    14 |     8 ||    22
Invok: Depart the Abyss  |     1 |       ||     1
 Abil: Rolling Charge    |     1 |     2 ||     3
  Use: Scroll            |     4 |     4 ||     8
Armor: Scale mail        |    24 |    44 ||    68
       Leather armour    |     1 |       ||     1
Dodge: Dodged            |    29 |    29 ||    58
       Rpst.: Falchion   |     3 |     7 ||    10
